 Dungeon Crawl Stone Soup version 0.17-a0-2073-gde5cdba (webtiles) character file.

1448 brucemayne the Cleaver (level 8, -6/42 HPs)
             Began as a Vine Stalker Berserker on Oct 15, 2015.
             Was a Priest of Trog.
             Mangled by an orc knight
             ... wielding a +0 trident
              (16 damage)
             ... in a bailey.
             The game lasted 00:09:33 (1517 turns).

brucemayne the Cleaver (Vine Stalker Berserker)     Turns: 1517, Time: 00:09:33

Health: -6/42      AC:  9    Str: 20    XL:     8   Next: 75%
Magic:  0/9        EV: 12    Int:  7    God:    Trog [***...]
Gold:   158        SH:  0    Dex: 16    Spells: 0 memorised, 7 levels left

rFire  . . .     SeeInvis .     a - +0 hand axe
rCold  . . .     Clarity  .     s - +0 ring mail
rNeg   . . .     SustAt   +     (no shield)
rPois  .         Gourm    .     t - +0 helmet
rElec  .         Spirit   +     (no cloak)
rCorr  .         Warding  .     (no gloves)
rMut   .         Stasis   .     u - +2 pair of boots
MR     +....                    (no amulet)
Stlth  +.........               (no ring)
                                e - ring of sustain attributes

@: somewhat resistant to hostile enchantments, very unstealthy
A: fangs 3, regeneration 2, magic shield, antimagic bite, no device heal 3, rot
immunity
a: Burn Spellbooks, Berserk, Trog's Hand, Renounce Religion


You were in a bailey.
You worshipped Trog.
Trog was most pleased with you.
You were not hungry.

You visited 2 branches of the dungeon, and saw 10 of its levels.
You also visited: Bailey.

You collected 158 gold pieces.

Inventory:

Hand Weapons
 a - a +0 hand axe (weapon)
 m - a +1 antimagic hand axe
Armour
 b - a +0 animal skin
 s - a +0 ring mail (worn)
 t - a +0 helmet (worn)
 u - a +2 pair of boots (worn)
 v - a +0 chain mail
Jewellery
 e - a ring of sustain attributes (left hand)
Wands
 g - a wand of paralysis (3)
Scrolls
 d - 5 scrolls of identify
 j - 3 scrolls of teleportation {unknown}
 l - 4 scrolls of remove curse {unknown}
 n - a scroll of immolation {unknown}
 o - 4 scrolls of recharging {unknown}
 p - a scroll of fear {unknown}
 q - a scroll of summoning {unknown}
 y - a scroll of enchant armour {unknown}
Potions
 f - a potion of beneficial mutation {unknown}
 i - a potion of poison
 k - a potion of invisibility {unknown}
 x - a potion of curing {unknown}
Comestibles
 c - 3 bread rations
 h - 2 meat rations
 r - 2 chunks of flesh
 w - a beef jerky


   Skills:
 - Level 3.7 Fighting
 + Level 9.2 Axes
 - Level 2.3 Armour
 - Level 2.3 Dodging
 - Level 1.1 Stealth


You had 7 spell levels left.
You didn't know any spells.

Dungeon Overview and Level Annotations

Branches:
Dungeon (9/15)             Temple (1/1) D:6
   Lair: D:8-11         Orc: D:9-12

Altars:
Ashenzari
Dithmenos
Elyvilon
Fedhas
Kikubaaqudgha
Makhleb
Nemelex Xobeh
Okawaru
Qazlal
Ru
Sif Muna
Trog
Xom
Yredelemnul
Zin
The Shining One

Shops:
D:9 [

Annotations:
D:5 Eustachio
D:8 exclusion: orange crystal statue


Innate Abilities, Weirdness & Mutations

You have razor-sharp teeth.
You heal very quickly.
When hurt, damage is shared between your health and your magic reserves.
Your bite disrupts and absorbs the magic of your enemies.
Potions and wands cannot restore your health.
You are immune to rotting.


Message History

An orc knight comes into view. It is wielding a glaive.
The orc warrior shoots a bolt.
The bolt hits you!!
Ouch! That really hurt!
The orc knight roars a battlecry!
The orc warrior goes into a battle-frenzy!
The orc knight hits you from afar with a glaive.
* * * LOW HITPOINT WARNING * * *
Found a stone of tremors and a pink potion.
There is an open door, spattered with blood here.
You see here a bolt.
Drink which item? (? for menu, Esc to quit)
Okay, then.
Evoke which item? (* to show all) (? for menu, Esc to quit)
Okay, then.
The orc knight roars a battlecry!
The orc warrior goes into a battle-frenzy!
The orc knight hits you from afar with a trident.
* * * LOW HITPOINT WARNING * * *
The orc knight hits you from afar with a trident!
You die...

### ## ####
##∩######### #.##
....##...##.....##...#
≈≈≈..#...#..≈≈≈..#...#
≈o≈≈.......≈≈o≈≈.#o.!#
ooo≈.......≈ooo≈.(...#
≈o≈≈....((.≈≈o≈≈.#.o}#
≈≈..#...#..≈≈≈.@#.o!#
. #.∩.##.....##...#
##∩######### #.## ###
##


You could see an orc knight and 5 orc warriors.

Vanquished Creatures
  A two-headed ogre (D:8)
  A hippogriff (D:7)
  Menkaure (D:7)
  An orc warrior (D:9)
  An ogre (D:8)
  5 giant frogs
  3 killer bees (D:7)
  A quasit (D:6)
  A crimson imp (D:7)
  A centaur zombie (D:7)
  2 hounds
  3 orc wizards
  A centaur skeleton (D:9)
  2 adders
  3 gnolls (D:8)
  An ooze (D:3)
  A worm (D:6)
  2 giant geckos
  15 orcs
  A giant cockroach (D:4)
  2 hobgoblins
  2 quokkas (D:8)
  2 bats (D:3)
  A giant gecko skeleton (D:4)
  A giant newt (D:4)
  9 jackals
64 creatures vanquished.

Notes
Turn   | Place    | Note
--------------------------------------------------------------
     0 | D:1      | brucemayne the Vine Stalker Berserker began the quest for the Orb.
     0 | D:1      | Reached XP level 1. HP: 11/11 MP: 2/2
     0 | D:1      | this is the one
   108 | D:3      | Reached XP level 2. HP: 9/16 MP: 3/3
   200 | D:3      | Reached skill level 3 in Axes
   325 | D:2      | You fall through a shaft for 2 floors!
   333 | D:4      | Reached XP level 3. HP: 18/20 MP: 4/4
   430 | D:4      | Reached XP level 4. HP: 24/24 MP: 5/5
   540 | D:5      | Entered Level 5 of the Dungeon
   584 | D:5      | Noticed Eustachio
   684 | D:6      | Reached XP level 5. HP: 28/28 MP: 2/6
   706 | D:6      | Found a blossoming altar of Fedhas.
   743 | D:6      | Reached skill level 1 in Stealth
   812 | D:6      | Found a staircase to the Ecumenical Temple.
   821 | Temple   | Entered the Ecumenical Temple
   905 | D:6      | Reached ** piety under Trog
   925 | D:7      | Noticed a hippogriff
   933 | D:7      | Killed a hippogriff
   933 | D:7      | Reached skill level 4 in Axes
   933 | D:7      | Gained mutation: You heal very quickly. [Vine Stalker growth]
   933 | D:7      | Reached XP level 6. HP: 33/33 MP: 5/7
   936 | D:7      | Reached skill level 5 in Axes
   995 | D:7      | Noticed Menkaure
  1001 | D:7      | Killed Menkaure
  1001 | D:7      | Reached XP level 7. HP: 37/37 MP: 8/8
  1078 | D:7      | Reached skill level 6 in Axes
  1110 | D:7      | Reached skill level 7 in Axes
  1135 | D:8      | Noticed a two-headed ogre
  1145 | D:8      | Killed a two-headed ogre
  1145 | D:8      | Gained mutation: You have razor-sharp teeth. [Vine Stalker growth]
  1145 | D:8      | Reached XP level 8. HP: 42/42 MP: 9/9
  1152 | D:8      | Reached skill level 8 in Axes
  1214 | D:8      | Noticed an orange crystal statue
  1291 | D:9      | Found Veepuod's Armour Emporium.
  1392 | D:9      | Reached *** piety under Trog
  1392 | D:9      | Reached skill level 9 in Axes
  1477 | D:9      | Found a flagged portal.
  1497 | Bailey   | Entered a bailey
  1498 | Bailey   | Noticed an orc knight
  1498 | Bailey   | Noticed an orc knight
  1514 | Bailey   | Noticed an orc knight
  1515 | Bailey   | Noticed an orc knight
  1517 | Bailey   | Mangled by an orc knight

Vault maps used:
D:1:      grunt_arrival_crossed_arrows, grunt_decor_mini_mirrors
D:2:      minmay_item_behind_shaft, due_unseen_surprise, uniq_terence
D:3:      uniq_grinder
D:4:      kennysheep_mini_moat
D:5:      first_bread, serial_shops, shop, uniq_pikel, uniq_eustachio,
          uniq_blork_the_orc
D:6:      minmay_temple_entry_junction, basic_altar, kennysheep_cross_room
D:7:      grunt_livestock, lemuel_flame_loot_1, uniq_menkaure, uniq_joseph
D:8:      minmay_separated_statues
D:9:      lair_0_dummy, serial_shops, nicolae_shop_crystal, enter_bailey_2,
          okawaru_metal_pillars_3
Temple:   grunt_wide_crystal_templ_18
Bailey:   bailey_polearm_4, bailey

Action                   |  1- 3 |  4- 6 |  7- 9 || total
-------------------------+-------+-------+-------++-------
Melee: Hand axe          |    37 |    54 |    86 ||   177
Invok: Berserk           |     2 |     3 |     3 ||     8
       Trog's Hand       |       |       |     1 ||     1
Evoke: Wand              |       |       |    10 ||    10
  Use: Scroll            |     1 |       |       ||     1
       Potion            |       |       |     1 ||     1
 Stab: Sleeping          |     1 |     1 |       ||     2
       Paralysed         |       |       |     7 ||     7
  Eat: Bread ration      |       |     1 |       ||     1
       Chunk             |       |       |     6 ||     6
